 Dungeon Crawl Stone Soup version 0.21-a0-401-g0b6bec4 (webtiles) character file.

621 Kavrick the Skirmisher (level 7, -4/74 HPs)
             Began as an Ogre Fighter on Oct 21, 2017.
             Slain by a sky beast (5 damage)
             ... on level 5 of the Dungeon.
             The game lasted 00:15:22 (8318 turns).

Kavrick the Skirmisher (Ogre Fighter)               Turns: 8318, Time: 00:15:23

Health: -4/74      AC:  3    Str: 27    XL:     7   Next: 46%
Magic:  7/7        EV:  9    Int:  9    God:
Gold:   205        SH:  9    Dex:  9    Spells: 6/6 levels left

rFire    . . .     SeeInvis .     - Unarmed
rCold    . . .     Gourm    .   b - +0 shield
rNeg     . . .     Faith    .   a - +0 robe
rPois    .         Spirit   .   (helmet restricted)
rElec    .         Reflect  .   (no cloak)
rCorr    .         Harm     .   (gloves unavailable)
MR       .....                  (boots unavailable)
Stlth    +.........             (no amulet)
HPRegen  0.22/turn              (no ring)
MPRegen  0.10/turn              (no ring)

@: mighty
A: unfitting armour, tough skin 1
a: no special abilities


You were on level 5 of the Dungeon.
You were not hungry.

You visited 1 branch of the dungeon, and saw 5 of its levels.

You collected 205 gold pieces.

Inventory:

Armour
 a - a +0 robe (worn)
 b - a +0 shield (worn)
Jewellery
 q - an uncursed amulet of guardian spirit {unknown}
Wands
 f - a wand of polymorph (3/24)
Scrolls
 e - a scroll of immolation {unknown}
 j - a scroll of random uselessness {unknown}
 k - 3 scrolls of enchant weapon {unknown}
 n - a scroll of fog {unknown}
 o - 4 scrolls of identify {unknown}
 r - a scroll of enchant armour {unknown}
 s - 2 scrolls of teleportation {unknown}
 t - 2 scrolls of remove curse {unknown}
Potions
 h - a potion of brilliance {unknown}
 i - 2 potions of curing
 l - a potion of ambrosia {unknown}
 p - a potion of flight {unknown}
 u - 2 potions of mutation {unknown}
Books
 v - a book of Necromancy

   Spells                             Type                      Level
   a - Pain                           Necromancy                   1
   b - Animate Skeleton               Necromancy                   1
   c - Vampiric Draining              Necromancy                   3
   d - Regeneration                   Charms/Necromancy            3
   e - Animate Dead                   Necromancy                   4
   f - Control Undead                 Necromancy                   4
Comestibles
 d - 4 bread rations
 g - 3 royal jellies
 m - 4 fruits


   Skills:
 + Level 5.8 Fighting
 + Level 2.3 Armour
 + Level 3.9 Dodging
 + Level 3.9 Shields
 * Level 4.4 Unarmed Combat


You had 6 spell levels left.
You didn't know any spells.

Dungeon Overview and Level Annotations

Branches:
Dungeon (5/15)
 Temple: D:4-7

Altars:
Dithmenos
Fedhas
Ru
Yredelemnul
The Shining One

Annotations:
D:4 Pikel
D:5 Sigmund


Innate Abilities, Weirdness & Mutations

You are too large for most types of armour.
You have tough skin. (AC +1)


Message History

* * * LOW HITPOINT WARNING * * *
Something shocks you.
* * * LOW HITPOINT WARNING * * *
You miss something.
A sky beast appears from thin air!
Reactivating autopickup.
You block the sky beast's attack.
You hit the sky beast.
The sky beast is severely wounded.
You hit the sky beast.
The sky beast is severely wounded.
The sky beast closely misses you.
You barely miss the sky beast.
The sky beast is severely wounded.
The sky beast flickers out of sight!
Deactivating autopickup; reactivate with Ctrl-A.
You block something's attack.
You completely miss something. Something hits you.
* * * LOW HITPOINT WARNING * * *
Something shocks you.
You die...

#######.......##
##.....<((.
###......## #########.
######..## ## ##..## #
##..## ##..## ###
##..#
##.###############..#
##..............@{..##
#.#####.....#########
.## ##....# ## #.####
###


There were no monsters in sight!

Vanquished Creatures
  The ghost of Kavrick the Ducker, an amateur KoMo (D:3)
  3 slaves (D:4)
  A centaur (D:4)
  A big kobold (D:5)
  An orc priest (D:3)
  Ijyb (D:4)
  2 iguanas
  2 worker ants (D:4)
  Robin (D:4)
  A gnoll (D:4)
  6 adders
  A shadow imp (D:5)
  An adder zombie (D:5)
  A worm (D:2)
  2 dart slugs
  2 leopard geckos
  10 orcs
  4 bats
  7 giant cockroaches
  16 goblins
  11 hobgoblins
  6 jackals
  12 kobolds
  2 quokkas
  10 frilled lizards
  8 rats
113 creatures vanquished.

Notes
Turn   | Place    | Note
-------+----------+-------------------------------------------
     0 | D:1      | Kavrick the Ogre Fighter began the quest for the Orb.
     0 | D:1      | Reached XP level 1. HP: 24/24 MP: 1/1
   100 | D:1      | Reached XP level 2. HP: 30/32 MP: 2/2
   448 | D:1      | Reached XP level 3. HP: 38/39 MP: 3/3
  1880 | D:3      | Reached XP level 4. HP: 47/49 MP: 4/4
  2041 | D:3      | Found a sacrificial altar of Ru.
  2317 | D:3      | Noticed Kavrick's ghost (amateur KoMo)
  2983 | D:4      | Noticed Ijyb
  3043 | D:4      | Killed Ijyb
  3043 | D:4      | Reached skill level 1 in Armour
  3349 | D:4      | Reached XP level 5. HP: 39/55 MP: 5/5
  3351 | D:4      | Noticed Robin
  3628 | D:3      | Found a basalt altar of Yredelemnul.
  3648 | D:3      | Found a glowing golden altar of the Shining One.
  3694 | D:3      | Noticed an angel
  3824 | D:4      | Found a shadowy altar of Dithmenos.
  4161 | D:4      | Killed Robin
  4723 | D:3      | Killed Kavrick's ghost
  4723 | D:3      | Reached skill level 5 in Fighting
  4723 | D:3      | Reached XP level 6. HP: 31/66 MP: 6/6
  4965 | D:4      | Noticed a slave
  5086 | D:4      | Killed a slave
  5713 | D:4      | Noticed Pikel
  6015 | D:4      | Noticed a slave
  6016 | D:4      | Noticed a slave
  6046 | D:4      | Killed a slave
  6061 | D:4      | Killed a slave
  6218 | D:4      | Noticed a slave
  6839 | D:5      | Entered Level 5 of the Dungeon
  6931 | D:5      | Noticed Sigmund
  6972 | D:5      | Found a blossoming altar of Fedhas.
  7197 | D:4      | Reached XP level 7. HP: 36/72 MP: 7/7
  8318 | D:5      | HP: 1/74 [something (4)]
  8318 | D:5      | Slain by a sky beast

Vault maps used:
D:1:      onia_arrival_larder
D:2:      first_bread, minmay_pentomino_v4
D:3:      cheibrodos_helix_gallery, grunt_temple_overflow_holy_war,
          hangedman_ru_absence
D:4:      grunt_dithmenos_smoke_and_mirrors, uniq_pikel, uniq_ijyb, uniq_robin
D:5:      lemuel_castle_with_subvaults, fedhas_altar_1, uniq_edmund,
          uniq_sigmund

Skill      XL: |  1  2  3  4  5  6 |
---------------+-------------------+-----
Unarmed Combat | 2 3 4 |  4.4
Shields        | 3 |  3.9
Dodging        | 3 |  3.9
Armour         | 1 2 |  2.3
Fighting       | 5 |  5.8

Action                   |  1- 3 |  4- 6 |  7- 9 || total
-------------------------+-------+-------+-------++-------
Melee: Unarmed           |   204 |   440 |   102 ||   746
  Use: Potion            |       |     1 |     1 ||     2
  Eat: Chunk             |     3 |    12 |     4 ||    19
       Meat ration       |       |     1 |       ||     1
Armor: Robe              |    32 |    49 |    11 ||    92
Dodge: Dodged            |    52 |   135 |    31 ||   218
Block: Shield            |    82 |   174 |    38 ||   294

Table legend:
 A = Spawn XP
 B = Non-spawn XP
 C = Spawn XP percentage of total XP
 D = Spawn monster count
 E = Non-spawn monster count
 F = Spawn count percentage of total count
 G = Total turns spent on level
                    A         B        C        D         E        F      G
               +---------+---------+-------+---------+---------+-------+---------
         Total |       0 |     888 |   0.0 |       0 |     110 |   0.0 |  8318
               +---------+---------+-------+---------+---------+-------+---------
           D:1 |       0 |      42 |   0.0 |       0 |      26 |   0.0 |   960
           D:2 |       0 |      29 |   0.0 |       0 |      15 |   0.0 |   962
           D:3 |       0 |     250 |   0.0 |       0 |      22 |   0.0 |  2549
           D:4 |       0 |     375 |   0.0 |       0 |      37 |   0.0 |  2901
           D:5 |       0 |     192 |   0.0 |       0 |      10 |   0.0 |   946
               +---------+---------+-------+---------+---------+-------+---------
